 Dungeon Crawl Stone Soup version 0.32-a0-875-g23b751d0ae (webtiles) character file.

Game seed: 8559202769135738382

45 terter the Firebug (level 3, 0/21 HPs)
             Began as an Octopode Fire Elementalist on Mar 31, 2024.
             Succumbed to INVALID YOU_FAULTLESS's sting
             ... on level 2 of the Dungeon.
             The game lasted 00:05:35 (1546 turns).

terter the Firebug (Octopode Fire Elementalist)     Turns: 1546, Time: 00:05:36

Health: 0/21       AC:  1    Str:  7    XL:     3   Next: 64%
Magic:  3/6        EV: 12    Int: 19    God:
Gold:   89         SH:  0    Dex: 12    Spells: 5/7 levels left

rFire   . . .        (no weapon)
rCold   . . .        (no shield)
rNeg    . . .        (helmet restricted)
rPois   .            (no amulet)
rElec   .            (no ring)
rCorr   .            (no ring)
SInv    .            (no ring)
Will    .....        (no ring)
Stlth   +++          (no ring)
HPRegen 0.23/turn    (no ring)
MPRegen 0.10/turn    (no ring)
                     (no ring)

%: no passive effects
@: lethally poisoned (0 -> -3), very slightly contaminated
A: almost no armour, amphibious, 8 rings, camouflage 1, gelatinous body 1,
(nimble swimmer 1), tentacles
a: no special abilities


You were on level 2 of the Dungeon.
You visited 1 branch of the dungeon, and saw 2 of its levels.

You collected 89 gold pieces.

Inventory:

Talismans
 g - a flux talisman
Scrolls
 c - 3 scrolls of enchant weapon {unknown}
 e - 2 scrolls of fear {unknown}
 i - a scroll of fog {unknown}
Potions
 a - 3 potions of magic
 b - 3 potions of curing {unknown}
 d - a potion of heal wounds {unknown}
 f - 2 potions of enlightenment {unknown}
 h - a potion of attraction {unknown}
 j - a potion of degeneration {unknown}


   Skills:
 + Level 2.3 Dodging
 + Level 2.7 Stealth
 + Level 0.2 Unarmed Combat
 + Level 2.6 Spellcasting
 + Level 1.2 Conjurations
 + Level 3.6 Fire Magic
 + Level 0.2 Alchemy


You had 5 spell levels left.
You knew the following spells:

 Your Spells              Type           Power      Damage    Failure   Level
a - Foxfire               Conj/Fire      44%        2x1d6     6%          1
b - Sting                 Conj/Alch      20%        1d4       12%         1

Your spell library contained the following spells:

 Spells                   Type           Power      Damage    Failure   Level
 Scorch                   Fire           32%        2d6       5%          2
 Apportation              Tloc           4%         N/A       16%         1
 Necrotise                Necr           8%         1d4       16%         1
 Summon Small Mammal      Summ           8%         N/A       16%         1
 Mercury Vapours          Alch/Air       4%         N/A       22%         2
 Inner Flame              Hex/Fire       9%         N/A       22%         3
 Volatile Blastmotes      Fire/Tloc      18%        2d11      22%         3
 Ensorcelled Hibernation  Hex/Ice        4%         N/A       24%         2
 Mephitic Cloud           Conj/Alch/Air  4%         N/A       36%         3
 Fugue of the Fallen      Necr           2%         N/A       43%         3
 Flame Wave               Conj/Fire      11%        2d6       50%         4
 Anguish                  Hex/Necr       1%         N/A       85%         4
 Freezing Cloud           Conj/Ice/Air   2%         6-21      98%         5


Dungeon Overview and Level Annotations

Branches:
Dungeon (2/15)

Altars:


Innate Abilities, Weirdness & Mutations

You cannot wear most types of armour.
You are amphibious.
You can wear up to eight rings at the same time.
Your skin changes colour to match your surroundings (Stealth+).
Your rubbery body absorbs attacks. (AC +1, EV +1)
((You are camouflaged when in or above water. (Stealth+)))
You have tentacles for arms and can constrict up to eight enemies at once.


Message History

Casting: Foxfire (safe; 6% risk of failure)
Confirm with . or Enter, or press ? or * to list all spells.
Aiming: Sting (safe; 12% risk of failure)
Press: ? - help, Shift-Dir - straight line, f - hobgoblin
Aim: a hobgoblin, wearing an amulet of reflection (reflecting blocked projectiles, 68% to hit)
You miscast Sting.
You are very lightly contaminated with residual magic.
Nothing appears to happen.
The hobgoblin hits you.
Casting: Sting (safe; 12% risk of failure)
Confirm with . or Enter, or press ? or * to list all spells.
Aiming: Sting (safe; 12% risk of failure)
Press: ? - help, Shift-Dir - straight line, f/p - hobgoblin
Aim: a hobgoblin, wearing an amulet of reflection (reflecting blocked projectiles, 68% to hit)
The sting reflects off an invisible shield around the hobgoblin!
The sting hits you.
You are poisoned.
You feel sick.
The hobgoblin hits you but does no damage.
Casting: Sting (safe; 12% risk of failure)
Confirm with . or Enter, or press ? or * to list all spells.
Aiming: Sting (safe; 12% risk of failure)
Press: ? - help, Shift-Dir - straight line, f/p - hobgoblin
Aim: a hobgoblin, wearing an amulet of reflection (reflecting blocked projectiles, 68% to hit)
The sting reflects off an invisible shield around the hobgoblin!
The sting hits you.
You are more poisoned.
You feel sick. The hobgoblin hits you.
* * * LOW HITPOINT WARNING * * *
A hobgoblin is nearby!
* * * LOW HITPOINT WARNING * * *
You feel sick. The hobgoblin barely misses you.
You begin transforming.
You continue transforming.
* * * LOW HITPOINT WARNING * * *
You feel sick. The hobgoblin hits you.
* * * LOW HITPOINT WARNING * * *
You continue transforming.
* * * LOW HITPOINT WARNING * * *
You feel sick. The hobgoblin barely misses you.
You continue transforming.
You die...

### #<.
######..##
#........#
#...$....#
########
#...g@...#
#......#
#####.####
#......# #..#####
#......##
##.....#
###.####< #####.#
#...# ##.
#.###.#####..
#..##.####..#
####.........##
...........######


You could see a hobgoblin (reflecting).

Vanquished Creatures
  An adder (D:2)
  A ribbon worm (D:2)
  3 ball pythons (D:1)
  2 endoplasms (D:1)
  3 giant cockroaches (D:1)
  6 goblins
  2 hobgoblins (D:1)
  5 kobolds
  4 bats (D:1)
  2 frilled lizards (D:1)
  2 rats
31 creatures vanquished.

Vanquished Creatures (others)
  66 foxfires
66 creatures vanquished.

Grand Total: 97 creatures vanquished

Notes
Turn   | Place    | Note
-------+----------+-------------------------------------------
     0 | D:1      | terter the Octopode Fire Elementalist began the quest for
                  | the Orb.
     0 | D:1      | Reached XP level 1. HP: 11/11 MP: 3/3
   228 | D:1      | Reached XP level 2. HP: 17/17 MP: 0/5
   494 | D:1      | Learned a level 1 spell: Sting
   769 | D:1      | Reached XP level 3. HP: 21/21 MP: 3/6
  1544 | D:2      | HP: 1/21 [hobgoblin (3)]
  1546 | D:2      | Succumbed to INVALID YOU_FAULTLESS's sting

Illustrated notes

Levels and vault maps discovered:
D:1:      saegor_arrival_simple_e, layout_loops_ring, feat_on_display
D:2:      layout_rooms, hex_large

Action                     || total
---------------------------++-------
  Melee: Unarmed           ||     5
         Tentacles         ||     3
         Constrict         ||     2
   Cast: Foxfire           ||    46
         Sting             ||    14
 Armour: Skin              ||    14
  Dodge: Dodged            ||    15
   Form: Flux              ||     1

Table legend: (Time is in decaauts)
 A = Elapsed time spent in this place.
 B = Non-inter-level travel time spent in this place.
 C = Inter-level travel time spent in this place.
 D = Time resting spent in this place.
 E = Time spent auto-exploring this place.
 F = Levels seen in this place.
 G = Mean time per level.
                   A        B        C        D        E       F      G
               +--------+--------+--------+--------+--------+-----+--------+
         Total |   1545 |   1499 |     46 |      0 |   1204 |   2 |  772.5 |
       Dungeon |   1545 |   1499 |     46 |      0 |   1204 |   2 |  772.5 |
               +--------+--------+--------+--------+--------+-----+--------+

Top non-repeatable levels by time:
     D:1: 1232 daAuts
     D:2: 313 daAuts
